 Dungeon Crawl Stone Soup version 0.22-a0-422-g9628fc8 (webtiles) character file.

35 Goblin1989 the Insei (level 3, -6/29 HPs)
             Began as a Demonspawn Chaos Knight on May 16, 2018.
             Mangled by a gnoll
             ... wielding a +0 flail
              (7 damage)
             ... on level 2 of the Dungeon.
             The game lasted 00:02:56 (244 turns).

Goblin1989 the Insei (Demonspawn Chaos Knight)       Turns: 244, Time: 00:02:56

Health: -6/29      AC:  6    Str: 12    XL:     3   Next: 17%
Magic:  3/3        EV: 11    Int: 14    God:    Xom [..*...]
Gold:   41         SH:  0    Dex: 12    Spells: 2/2 levels left

rFire    . . .     SeeInvis .     - Unarmed
rCold    + . .     Gourm    .   (no shield)
rNeg     . . .     Faith    .   a - +2 leather armour
rPois    .         Spirit   .   n - +0 helmet
rElec    .         Reflect  .   (no cloak)
rCorr    .         Harm     .   (no gloves)
MR       .....                  (no boots)
Stlth    +.........             (no amulet)
HPRegen  0.09/turn              l - ring of flight
MPRegen  0.08/turn              (no ring)

@: very slightly contaminated
A: talons 1, cold resistance 1
a: Renounce Religion, Evoke Flight


You were on level 2 of the Dungeon.
You worshipped Xom.
You were a toy of Xom.
You were not hungry.

You visited 1 branch of the dungeon, and saw 3 of its levels.

You collected 41 gold pieces.

Inventory:

Armour
 a - a +2 leather armour (worn)
 n - a +0 helmet (worn)
Jewellery
 l - a ring of flight (left hand)
Scrolls
 o - a scroll of remove curse {unknown}
 p - a scroll of identify {unknown}
Potions
 m - a potion of curing {unknown}
Comestibles
 e - 3 rations


   Skills:
 - Level 3.0 Fighting
 - Level 1.7 Armour
 - Level 0.8 Dodging
 + Level 3.9 Unarmed Combat


You had 2 spell levels left.
You didn't know any spells.
Your spell library was empty.

Dungeon Overview and Level Annotations

Branches:
Dungeon (3/15)

Altars:

Annotations:
D:3 Terence


Innate Abilities, Weirdness & Mutations

You have sharp toenails.
Your flesh is cold resistant. (rC+)


Message History

The giant cockroach misses you.
You closely miss the giant cockroach. You claw the giant cockroach.
The giant cockroach is severely wounded.
The giant cockroach bites you but does no damage.
You closely miss the giant cockroach.
The giant cockroach is severely wounded.
The giant cockroach barely misses you.
You closely miss the giant cockroach. Your kick misses the giant cockroach.
The giant cockroach is severely wounded.
The goblin shouts!
A goblin comes into view. It is wielding a dagger.
You flicker back into view.
The goblin shouts! x2
You closely miss the giant cockroach.
The giant cockroach is severely wounded.
The giant cockroach closely misses you.
You closely miss the giant cockroach. Your kick misses the giant cockroach.
The giant cockroach is severely wounded.
The giant cockroach barely misses you. The goblin barely misses you.
You closely miss the giant cockroach.
You kill the giant cockroach!
The goblin closely misses you. The goblin closely misses you.
The goblin hits you but does no damage.
You see here a giant cockroach corpse.
You barely miss the goblin. The goblin hits you with a dagger.
The goblin hits you.
You take 6 damage, and have 22/29 hp.
MASSIVE DAMAGE!!
You barely miss the goblin. The goblin hits you but does no damage.
The goblin closely misses you.
You closely miss the goblin. You punch the goblin.
The goblin is severely wounded.
The goblin hits you but does no damage. The goblin hits you.
You take 1 damage, and have 21/29 hp.
You hit the goblin.
You kill the goblin!
You hit the goblin.
You kill the goblin!
You see here a goblin corpse.
You now have 41 gold pieces (gained 13).
e - 2 rations (gained 1)
o - a scroll labeled BUCZOT ECIRR
p - a scroll labeled ARGHIAXT FOCRA
There is a stone staircase leading down here.
You climb downwards.
There is a stone staircase leading up here.
You open the door.
There is an open door here.
e - 3 rations (gained 1)
You open the door.
There is an open door here.
Found a stone staircase leading down.
A kobold comes into view.
The kobold shouts!
The kobold throws a stone.
The stone barely misses you.
Things that are here:
a stone; a lumpy black potion The kobold throws a stone.
The stone barely misses you.
The kobold throws a stone.
The stone barely misses you.
Unknown command.
The kobold throws a stone.
The stone misses you. The kobold closely misses you.
You hit the kobold.
You kill the kobold!
There is a stone staircase leading down, spattered with blood here.
Things that are here:
a stone; a kobold corpse
There is a stone staircase leading down, spattered with blood here.
Things that are here:
a stone; a kobold corpse You climb downwards.
Marking area around Terence as unsafe for travelling.
A giant cockroach, 4 gnolls and Terence come into view.
Terence is wielding a trident of venom.
The gnoll shouts! x4
There is a stone staircase leading up here.
Unknown command.
The gnoll hits you but does no damage. Terence hits you but does no damage.
The gnoll hits you with a flail.
You climb upwards.
There is a stone staircase leading down, spattered with blood here.
Things that are here:
a stone; a kobold corpse You take 5 damage, and have 23/29 hp.
You hit the gnoll but do no damage. You barely miss the gnoll.
The gnoll hits you with a halberd. The gnoll barely misses you.
You take 5 damage, and have 18/29 hp.
You hit the gnoll.
The gnoll is moderately wounded.
The gnoll hits you with a halberd!
* * * LOW HITPOINT WARNING * * *
The gnoll hits you with a flail.
* * * LOW HITPOINT WARNING * * *
You take 13 damage, and have 5/29 hp.
MASSIVE DAMAGE!!
You hit the gnoll.
The gnoll is heavily wounded.
The gnoll hits you with a halberd.
* * * LOW HITPOINT WARNING * * *
The gnoll hits you with a flail!
You die...

███ ██...
█... ██..███
..... █..█ █
█..█
██.██@.████.█
█...g.g.....█
█..██.███████
█..██.██
█......█


██▲██ █.███..█ ██...██ █.███.!█ ██.....██ █....(.█ ██.......██
████...████.........█ You could see 2 gnolls.

Vanquished Creatures
  Robin (D:2)
  A giant cockroach (D:1)
  10 goblins
  3 hobgoblins (D:2)
  3 jackals (D:2)
  A kobold (D:2)
  2 rats (D:1)
21 creatures vanquished.

Notes
Turn   | Place    | Note
-------+----------+-------------------------------------------
     0 | D:1      | Goblin1989 the Demonspawn Chaos Knight began the quest for the Orb.
     0 | D:1      | Reached XP level 1. HP: 18/18 MP: 1/1
    56 | D:2      | Noticed Robin
    59 | D:2      | XOM: potion effect (invisibility)
    83 | D:2      | Gained mutation: You have sharp toenails. [demonic ancestry]
    83 | D:2      | Reached XP level 2. HP: 22/24 MP: 2/2
   119 | D:2      | Killed Robin
   125 | D:2      | XOM: silly message
   129 | D:2      | Gained mutation: Your flesh is cold resistant. (rC+) [demonic ancestry]
   129 | D:2      | Reached XP level 3. HP: 25/29 MP: 3/3
   238 | D:3      | Noticed Terence
   244 | D:2      | HP: 1/29 [gnoll/halberd (4)]
   244 | D:2      | Mangled by a gnoll

Vault maps used:
D:1:      eino_arrival_cavern_a
D:2:      cheibriados_altar_1, uniq_robin
D:3:      uniq_grinder, uniq_jessica, uniq_terence, uniq_crazy_yiuf_cottage

Skill      XL: |  1 |
---------------+----+-----
Unarmed Combat | 3 |  3.9
Fighting       | |  3.0
Armour         | |  1.7
Dodging        | |  0.8

Action                   || total
-------------------------++-------
Melee: Unarmed           ||    78
       Kick              ||    11
       Punch             ||     1
 Stab: Invisible         ||     7
       Sleeping          ||     1
Armor: Leather armour    ||    13
Dodge: Dodged            ||    49

Table legend:
 A = Spawn XP
 B = Non-spawn XP
 C = Spawn XP percentage of total XP
 D = Spawn monster count
 E = Non-spawn monster count
 F = Spawn count percentage of total count
 G = Total turns spent on level
                    A         B        C        D         E        F      G
               +---------+---------+-------+---------+---------+-------+---------
         Total |       0 |      51 |   0.0 |       0 |      21 |   0.0 |   244
               +---------+---------+-------+---------+---------+-------+---------
           D:1 |       0 |       7 |   0.0 |       0 |       5 |   0.0 |   107
           D:2 |       0 |      44 |   0.0 |       0 |      16 |   0.0 |   135
               +---------+---------+-------+---------+---------+-------+---------

Vault maps used:
D:1:      eino_arrival_cavern_a
D:2:      cheibriados_altar_1, uniq_robin
D:3:      uniq_grinder, uniq_jessica, uniq_terence, uniq_crazy_yiuf_cottage
